 Dungeon Crawl Stone Soup version 0.29.1-12-g30fa7ad0bf (webtiles) character file.

Game seed: 2975594110288824500

869813 FexLirch the Archmage (level 27, -1/237 HPs)
             Began as a Djinni Conjurer on Dec 23, 2022.
             Was the Champion of Cheibriados.
             Killed from afar by a hellion (40 damage)
             ... with damnation
             ... summoned by Cerebov
             ... in Pandemonium on Dec 24, 2022.
             The game lasted 08:07:51 (68690 turns).

FexLirch the Archmage (Djinni Conjurer)            Turns: 68690, Time: 08:07:52

Health: -1/237     AC: 32    Str: 23    XL:     27
Gold:   6683       EV: 32    Int: 52    God:    Cheibriados [******] SH: 22 Dex: 31

rFire   + + +      SeeInvis +   N - staff of conjuration
rCold   + + +      Faith    .   I - +2 shield of Resistance {rF++ rC++ Will++}
rNeg    + + +      Spirit   .   a - +2 storm dragon scales
rPois   ∞          Reflect  .   g - +2 helmet {SInv}
rElec   +          Harm     .   h - +2 cloak "Uxkogan" {rF- rC+ Dex+4 Slay+3}
rCorr   +          Rampage  .   k - +2 pair of gloves of the Armoured One {+Blink Int+3}
Will    +++++                   (boots unavailable)
Stlth   ..........              U - amulet of regeneration
HPRegen 1.29/turn               Z - ring of Lejat {rF+ rN+ Will+ Str+2}
MPRegen 0.00/turn               R - ring of resist corrosion

@: lich-form, flying, studying Short Blades, unable to drink, very slow
A: draining attack, torment immunity, no potions, flying, sickness immunity,
fire resistance 2, cold vulnerability 1, float, innate caster, HP casting, extra
vitality 1, deformed body, robust 1, inability to drink after injury 1
}: 8/15 runes: decaying, serpentine, slimy, silver, icy, bone, abyssal, demonic
a: End Transformation, Renounce Religion, Evoke Blink, Bend Time, Temporal
Distortion, Slouch, Step From Time


You were in Pandemonium.
You worshipped Cheibriados.
Cheibriados was exalted by your worship.
You were an undead lich.
You visited 14 branches of the dungeon, and saw 69 of its levels.
You visited Pandemonium 1 time, and saw 6 of its levels.
You visited the Abyss 1 time.
You also visited: Sewer and Ice Cave.

You collected 11280 gold pieces.
You spent 4597 gold pieces at shops.

Inventory:

Armour
 a - +2 storm dragon scales (worn)
 g - a +2 helmet of see invisible (worn)
 h - the +2 cloak "Uxkogan" (worn) {rF- rC+ Dex+4 Slay+3}
   (You bought it in a shop on level 1 of the Orcish Mines)

   Dex:       It affects your dexterity (+4).
   Slay:      It affects your accuracy & damage with ranged weapons and melee
   (+3).
   rF:        It makes you vulnerable to fire.
   rC:        It protects you from cold.
 k - the +2 pair of gloves of the Armoured One (worn) {+Blink Int+3}
   (You found it on level 3 of the Crypt)

   Int:       It affects your intelligence (+3).
   +Blink:    It lets you blink.
 I - the +2 shield of Resistance (worn) {rF++ rC++ Will++}
   (You bought it in a shop on level 1 of the Orcish Mines)

   rF:        It greatly protects you from fire.
   rC:        It greatly protects you from cold.
   Will:      It greatly increases your willpower.
 M - +0 shadow dragon scales
Magical Staves
 N - a staff of conjuration (weapon)
Jewellery
 l - a ring of positive energy
 p - a +6 ring of intelligence
 t - a ring of positive energy
 E - the dreamshard necklace {*Dream Drain}
   (You took it off an ironbound convoker on level 2 of the Vaults)

   [amulet of nothing]

   It shatters if its wearer takes lethal or near-lethal damage, preventing the
   blow and releasing protective dreams that heal and fight for the wearer.
   Drain:     It drains your maximum health when unequipped.
 F - the ring of the Pariah {rElec rN+ Int+2 Dex+6}
   (You found it on level 5 of the Pits of Slime)

   [ring of dexterity]

   Int:       It affects your intelligence (+2).
   Dex:       It affects your dexterity (+6).
   rElec:     It insulates you from electricity.
   rN:        It protects you from negative energy.
 K - a +6 ring of intelligence
 L - a ring of fire
 O - a ring of protection from cold
 R - a ring of resist corrosion (right hand)
 T - a ring of willpower
 U - an amulet of regeneration (around neck)
 W - a ring of ice
 Z - the ring of Lejat (left hand) {rF+ rN+ Will+ Str+2}
   (You bought it in a shop on level 4 of the Depths)

   [ring of protection from fire]

   Str:       It affects your strength (+2).
   rF:        It protects you from fire.
   rN:        It protects you from negative energy.
   Will:      It increases your willpower.
Wands
 i - a wand of flame (70)
 m - a wand of charming (52)
 u - a wand of polymorph (26)
 v - a wand of digging (2)
 D - a wand of mindburst (10)
 P - a wand of quicksilver (30)
 Q - a wand of iceblast (93)
Scrolls
 b - 14 scrolls of vulnerability
 c - 13 scrolls of fear
 d - 15 scrolls of butterflies
 f - 11 scrolls of immolation
 j - 10 scrolls of magic mapping
 n - 25 scrolls of teleportation
 o - 8 scrolls of blinking
 y - 7 scrolls of torment
 G - 7 scrolls of noise
 J - 2 scrolls of summoning
 S - 8 scrolls of poison
 Y - 8 scrolls of silence
Potions
 e - 10 potions of lignification
 q - 11 potions of invisibility
 r - 27 potions of curing
 s - 7 potions of resistance
 w - 14 potions of brilliance
 z - a potion of mutation
 A - 12 potions of attraction
 B - 3 potions of cancellation
 C - 11 potions of might
 V - 15 potions of heal wounds
 X - 4 potions of berserk rage
Miscellaneous
 x - a lightning rod (4/4)
 H - a phantom mirror


   Skills:
 + Level 23.5 Fighting
 + Level 18.2 Armour
 + Level 25.8 Dodging
 - Level 2.1 Stealth
 + Level 22.6 Shields
 O Level 27 Spellcasting
 + Level 16.2 Invocations


You couldn't memorise any spells.
You knew the following spells:

 Your Spells              Type           Power      Damage    Failure   Level
a - Magic Dart            Conj           100%       1d8       0%          1
b - Searing Ray           Conj           100%       2d8       0%          2
c - Dazzling Flash        Conj/Hex       100%       N/A       0%          3
d - Fulminant Prism       Conj/Hex       88%        3d35      0%          4
e - Iskenderun's Mystic   Conj/Tloc      100%       2d19      0%          4
f - Shock                 Conj/Air       100%       1d9       0%          1
g - Blink                 Tloc           100%       N/A       0%          2
h - Scorch                Fire           100%       2d10      0%          2
i - Flame Wave            Conj/Fire      100%       2d21      0%          4
j - Fireball              Conj/Fire      88%        3d32      0%          5
k - Lee's Rapid Deconstr  Erth           75%        3d35*     0%          5
l - Statue Form           Tmut/Erth      100%       N/A       0%          6
m - Death Channel         Necr           88%        N/A       0%          6
n - Orb of Destruction    Conj           88%        9d19      0%          7
o - Dragon Form           Tmut           75%        N/A       0%          7
p - Discord               Hex            75%        N/A       1%          8
q - Necromutation         Tmut/Necr      88%        N/A       1%          8
r - Fire Storm            Conj/Fire      88%        8d22      1%          9
Your spell library was empty.

Dungeon Overview and Level Annotations

Branches:
Dungeon (15/15)            Temple (0/1) D:7            Lair (5/5) D:10
  Swamp (4/4) Lair:2        Snake (4/4) Lair:3        Slime (5/5) Lair:4
    Orc (2/2) D:10            Elf (3/3) Orc:2        Vaults (5/5) D:14
  Crypt (3/3) Vaults:2       Tomb (0/3) Crypt:3      Depths (4/4) D:15
   Hell (visited)             Dis (0/7) Hell            Geh (0/7) Hell
    Coc (7/7) Hell            Tar (7/7) Hell            Zot (5/5) Depths:4
  Sewer (visited)           IceCv (visited)

Altars:
Cheibriados
Elyvilon
Fedhas
Hepliaklqana
Nemelex Xobeh
Okawaru
Qazlal
Ru
Trog
Uskayaw
Wu Jian
Xom
Yredelemnul
Zin
The Shining One
Jiyva

Shops:
D:2 :   D:3 [   D:9 ?!:(   D:12 *   Orc:1 :*[*   Orc:2 [!(:   Elf:1 =**
Elf:2 (   Elf:3 [   Vaults:3 !   Depths:3 [!**   Depths:4 =?((

Portals:
Hell: Depths:1 Depths:2 Depths:3 Depths:4
Abyss: Depths:1 Depths:3
Pandemonium: Depths:2
Ziggurat: Depths:3

Annotations:
Snake:3 2 transporters, exclusion: orange crystal statue
Elf:1 1 runed translucent door
Zot:1 2 transporters, exclusion: orange crystal statue, runemage's ghost, legendary GnFi
Pan Cerebov


Innate Abilities, Weirdness & Mutations

You are an undead lich.
Your unarmed attacks are suffused with negative energy.
You are immune to unholy pain and torment.
Your necromantic spells are more powerful.
You cannot drink.
You are flying.
You are immune to sickness and miasma.
You are immune to poison.
Your flesh is very heat resistant. (rF++)
You are vulnerable to cold. (rC-)
You float through the air rather than walking.
You learn spells naturally, not from books.
Your magical power is your life essence.
You have superior vitality. (+4 MHP)
Armour fits poorly on your strangely shaped body.
You are robust. (+10% HP)
You occasionally lose the ability to drink potions when taking damage.


Message History

Cerebov gestures.
Your fulminant prism explodes!
The blast of energy engulfs Cerebov!!!
Cerebov is severely wounded.
You hear a shout! x2
Casting: Orb of Destruction (safe; 0% risk of failure)
Confirm with . or Enter, or press ? or * to list all spells.
Aiming: Orb of Destruction (safe; 0% risk of failure)
Press: ? - help, Shift-Dir - straight line, f/p - Cerebov
Aim: Cerebov, wielding the +6 sword of Cerebov {flame} (magical condensation, severely wounded, fast)
You feel a surge of power!
The wavering orb of destruction hits Cerebov!!!
Cerebov is almost dead.
You block the hellion's attack. x2; The hellion completely misses you.
Casting: Orb of Destruction (safe; 0% risk of failure)
Confirm with . or Enter, or press ? or * to list all spells.
You blink.
The hellion gestures at you.
The sphere of damnation explodes!
The damnation engulfs you!!!
Activating: Slouch (0% risk of failure)
Press: ? - help, Dir - look around, f - activate You can feel time thicken for a moment.
The hellion gestures at you.
The sphere of damnation explodes!
The damnation engulfs you!!!
The damnation engulfs Cerebov.
Cerebov completely resists.
Cerebov completely misses you.
Casting: Blink (safe; 0% risk of failure)
Confirm with . or Enter, or press ? or * to list all spells.
You blink.
Cerebov gestures at you.
A raging storm of fire appears!
The great blast of fire engulfs you!!! You partially resist.
You feel threatened and lose the ability to drink potions!
* * * LOW HITPOINT WARNING * * *
The balrug gestures at you. Something smites you!
* * * LOW HITPOINT WARNING * * *
The hellion gestures at you.
The sphere of damnation explodes!
The damnation engulfs you!!!
You die...

#)2)# #).:# #222# #[):# ' ##&##
##'## ≈ .§§ #####≈§≈#######≈.§###
# .§§§#§≈≈≈≈.§≈§≈§§§≈§.§≈§≈ #
....'.......§§§...§§..... #
....'.☼v☼○v...§§.§....... #
....'.v☼☼☼§.............. ####
..≈≈#≈§☼L○☼≈§≈≈≈§≈≈≈.§≈≈§ ≈§≈##
..≈ #####☼§§#######≈.§### ..≈≈# '
##≈§###☼###§≈≈###'###≈ ...≈≈
##§≈≈≈#...#§§§≈≈#...#≈≈ ....≈≈
#§≈§.≈#.|.#≈§..≈#...#≈. .....≈
#≈...≈#...#≈...≈#...#≈§
.....≈#####§§..≈#####≈...≈#####≈.
.....≈≈≈§≈≈≈...≈≈§≈§§≈...≈§≈§≈≈≈.
.............................§...


You could see Cerebov (fast), a balrug (summoned), a hellion (summoned) and 3
fire vortices.

Vanquished Creatures
  Antaeus (Coc:7)
  the Royal Jelly (Slime:5)
  Ereshkigal (Tar:7)
  the Serpent of Hell (Tar:7)
  2 ancient liches (Zot:5)
  6 dread liches
  Tiamat (Zot:4)
  5 orbs of fire
  Mennas (Vaults:5)
  7 Killer Klowns
  Vashnia (Snake:3)
  23 shard shrikes
  Bai Suzhen (Swamp:3)
  Saint Roka (Snake:2)
  3 caustic shrikes (Depths:4)
  2 pandemonium lords (Pan)
  9 golden dragons
  Geryon (Hell)
  Nikola (Swamp:1)
  5 profane servitors
  15 bone dragons
  11 Tzitzimimeh
  2 Brimstone Fiends (Pan)
  9 doom hounds
  2 hellephants
  23 Ice Fiends
  Zenata (Vaults:1)
  4 Hell Sentinels (Pan)
  6 electric golems
  16 tentacled monstrosities
  5 liches
  15 titans
  14 tainted leviathans
  25 Orb Guardians
  8 quicksilver dragons
  6 Executioners
  2 deep elf blademasters (Elf:3)
  3 death cobs
  7 acid blobs
  2 deep elf master archers (Elf:3)
  4 tengu reavers
  4 sphinxes
  2 thorn hunters
  11 ancient champions
  7 tentacled starspawn (Abyss:4)
  7 shadow dragons
  Frances (D:14)
  Roxanne (Snake:4)
  7 storm dragons
  10 nagarajas
  8 rockslimes
  2 daevas (Abyss:4)
  15 azure jellies
  10 draconian monks
  3 demonspawn warmongers (Pan)
  A fenstrider witch (Swamp:4)
  9 revenants
  5 iron dragons
  4 deep elf sorcerers
  16 balrugs
  15 fire giants
  14 narguns
  A juggernaut zombie (Tar:7)
  10 vault wardens
  3 ghost moths
  2 spectral juggernauts
  9 draconian shifters
  8 draconian knights
  3 cacodemons
  10 frost giants
  3 caustic shrike zombies
  8 draconian scorchers
  An angel (Pan)
  2 curse skulls
  9 shard shrike simulacra
  An orc warlord (Vaults:4)
  6 draconian annihilators
  16 ironbound preservers
  Aizul (Snake:3)
  6 deep elf elementalists (Elf:3)
  5 draconian stormcallers
  10 quicksilver oozes
  6 ironbound thunderhulks
  14 reapers
  34 very ugly things
  2 juggernaut skeletons (Tar:7)
  2 war gargoyles (Hell)
  2 ophanim (Abyss:4)
  12 green draconians
  2 demonspawn blood saints (Pan)
  17 stone giants
  8 deep elf demonologists
  2 eleionomae
  Nessos (D:14)
  6 vampire knights
  16 black draconians
  12 yellow draconians
  23 wendigos
  8 putrid mouths
  14 red draconians
  4 dire elephants
  28 elemental wellsprings
  10 purple draconians
  10 deep elf annihilators
  13 white draconians
  Azrael (D:14)
  3 bunyips
  An entropy weaver (Abyss:4)
  A lorocyproca (Pan)
  A spark wasp (Depths:3)
  8 blizzard demons
  14 eidola
  11 ettins
  A quicksilver dragon zombie (Crypt:3)
  10 deep elf death magi
  14 jiangshi
  A green death (Pan)
  A spectral iron giant (Tar:5)
  6 fire dragons
  3 mummy priests (Crypt:3)
  12 yaktaur captains
  2 shambling mangroves (Swamp:4)
  10 great orbs of eyes
  5 deep elf high priests
  6 boulder beetles
  29 vault guards
  A ghost crab (Swamp:2)
  A hell beast (Pan)
  A salamander tyrant (Snake:3)
  3 rakshasas (Depths:1)
  16 ice dragons
  6 spriggan zombies
  27 hydras
  4 spriggan air magi
  10 juggernaut simulacra
  2 spriggan skeletons (Tar:7)
  9 two-headed ogres
  4 alligators (Swamp:3)
  7 caustic shrike simulacra
  2 ogre magi
  Erica (Orc:1)
  3 centaur warriors
  11 ironbound frosthearts
  13 anacondas
  38 dancing weapons
  9 naga warriors
  4 deep troll shamans
  3 vampire magi
  A titan zombie (Hell)
  5 deep troll earth magi
  A shock serpent (shapeshifter) (Vaults:5)
  3 spriggan berserkers
  10 hell hogs (Depths:1)
  13 hell knights
  6 shock serpents
  3 thrashing horrors (Abyss:4)
  A satyr (shapeshifter) (Vaults:5)
  9 tengu warriors
  Amaemon (D:8)
  20 soul eaters
  13 naga sharpshooters
  2 titan skeletons
  20 deep elf knights
  54 sun demons
  3 iron trolls
  10 wretched stars (Abyss:4)
  17 shadow wraiths
  5 sixfirhies
  2 goliath frogs
  3 salamander mystics
  8 quicksilver dragon simulacra
  36 skeletal warriors
  9 swamp dragons
  2 spatial maelstroms (Abyss:4)
  An anaconda zombie (Hell)
  38 deep trolls
  A ghost moth zombie (Crypt:2)
  2 golden dragon zombies
  A sea snake (Snake:2)
  8 naga ritualists
  3 shadow demons (Pan)
  A death drake (shapeshifter) (Vaults:5)
  A sea snake (shapeshifter) (Vaults:5)
  3 spriggan druids
  19 large abominations
  24 starcursed masses
  6 flayed ghosts
  3 glowing orange brains
  A fenstrider witch simulacrum (Coc:1)
  13 deep elf archers
  3 bog bodies
  3 spriggan simulacra
  4 wizards
  An iron giant skeleton (Crypt:3)
  18 ironbound convokers
  3 orange crystal statues
  11 orc knights
  A harpy (Vaults:3)
  An anaconda skeleton (Hell)
  A spectral iron dragon (Tar:6)
  Pikel (D:4)
  2 sphinx zombies (Hell)
  A lindwurm (shapeshifter) (Vaults:2)
  13 phantasmal warriors
  32 deep elf pyromancers
  32 deep elf zephyrmancers
  9 necromancers
  4 lindwurms
  A tengu skeleton (Vaults:2)
  13 mana vipers
  62 ugly things
  An orc sorcerer (Orc:2)
  A manticore (shapeshifter) (Vaults:5)
  7 oklob plants
  5 manticores
  A fire giant zombie (Depths:1)
  A goliath frog skeleton (Crypt:2)
  A stone giant zombie (Hell)
  4 salamanders
  3 will-o-the-wisps
  A frost giant zombie (Hell)
  3 shining eyes (Slime:5)
  2 stone giant skeletons
  2 dire elephant zombies
  2 worldbinders (Abyss:4)
  2 eyes of devastation (Slime:5)
  2 cyclopes
  3 fire giant skeletons
  23 moths of wrath
  13 elephants
  21 vault sentinels
  A jorogumo skeleton (Crypt:1)
  3 frost giant skeletons (Vaults:2)
  3 ice statues
  A guardian serpent (shapeshifter) (Elf:2)
  A moth of wrath (shapeshifter) (Vaults:5)
  3 guardian serpents
  Joseph (D:8)
  A storm dragon simulacrum (Coc:1)
  11 naga magi
  28 smoke demons
  2 apocalypse crabs (Abyss:4)
  36 black mambas
  10 orange demons
  5 cane toads
  2 titan simulacra (Coc:3)
  A water nymph (shapeshifter) (Abyss:4)
  5 rust devils (Hell)
  An elf skeleton (Vaults:2)
  Maggie (D:8)
  An alligator snapping turtle zombie (Hell)
  A kobold demonologist (D:8)
  3 centaur skeletons (D:14)
  A dire elephant skeleton (Hell)
  5 hellions
  20 rime drakes
  Psyche (D:8)
  An orc skeleton (Crypt:3)
  A rime drake (shapeshifter) (Abyss:2)
  2 alligator snapping turtle skeletons
  2 unseen horrors
  2 sea snake zombies (Hell)
  5 efreet (Pan)
  4 tengu conjurers
  11 hellwings
  5 demonic crawlers
  9 guardian mummies (Crypt:3)
  4 anaconda simulacra
  2 bunyip simulacra (Coc:1)
  14 freezing wraiths
  37 yaktaurs
  2 ice devils (Pan)
  3 iron giant simulacra
  3 red devils
  14 tormentors
  A golden dragon simulacrum (Coc:6)
  2 spectral harpies
  A troll (shapeshifter) (Elf:2)
  9 komodo dragons
  2 spectral nagas
  A catoblepas skeleton (Hell)
  A pale draconian skeleton (Crypt:2)
  7 trolls
  A harpy zombie (Hell)
  3 meliai (D:13)
  A mana viper skeleton (Crypt:1)
  6 ancient zymes
  8 tyrant leeches
  20 polar bears
  2 bloated husks
  3 harpy skeletons
  A tengu simulacrum (Depths:1)
  A meliai (shapeshifter) (Vaults:3)
  2 spectral guardian serpents (Crypt:1)
  A death drake skeleton (Crypt:3)
  2 shadow dragon simulacra (Coc:1)
  Grinder (D:4)
  A hydra zombie (Hell)
  5 iron dragon simulacra
  13 raiju
  16 hornets
  A slime creature (shapeshifter) (Elf:3)
  A dream sheep (Lair:5)
  10 blink frogs
  65 slime creatures
  A hydra skeleton (Hell)
  2 ettin zombies
  4 stone giant simulacra
  2 ice dragon zombies
  9 flying skulls
  4 air elementals
  2 centaur simulacra
  Sigmund (D:2)
  5 wraiths
  5 naga simulacra
  4 shadows
  13 ynoxinuls
  23 spriggans
  A culicivora (shapeshifter) (Elf:1)
  3 wyverns
  10 dire elephant simulacra
  An ettin skeleton (Tar:7)
  11 neqoxecs
  6 water elementals
  30 yaks
  A vampire (Abyss:4)
  5 golden eyes (Slime:1)
  12 fire elementals
  Eustachio (D:4)
  3 basilisks
  An ushabti (Crypt:3)
  9 vampire mosquitoes
  4 fire bats (Abyss:4)
  A steam dragon (D:9)
  11 chaos spawn
  Menkaure (D:7)
  12 harpy simulacra
  13 wargs
  Edmund (D:4)
  A swamp worm (shapeshifter) (D:14)
  2 tengu zombies (Hell)
  31 nagas
  2 acid dragons
  13 swamp worms
  Duvessa (D:6)
  A two-headed ogre skeleton (Hell)
  15 water moccasins
  4 hydra simulacra
  A demonspawn skeleton (Crypt:3)
  4 glowing shapeshifter skeletons
  6 hell hounds
  A sky beast (Abyss:4)
  59 orc warriors
  3 ice beasts (D:7)
  6 black bears
  8 swamp drakes
  7 ettin simulacra
  38 wolves
  A boggart (shapeshifter) (Vaults:1)
  11 ogres
  A fire dragon simulacrum (Coc:1)
  An alligator simulacrum (Hell)
  15 boggarts
  10 centaurs
  A snapping turtle skeleton (Crypt:1)
  5 kobold brigands
  A draconian zombie (Crypt:1)
  A yaktaur zombie (Crypt:3)
  2 phantoms
  A fire crab zombie (Crypt:3)
  7 necrophages
  Blork the orc (D:4)
  6 bullfrogs
  A salamander skeleton (Crypt:2)
  An earth elemental (Elf:3)
  A scorpion (D:6)
  A gnoll sergeant (Orc:1)
  9 small abominations (Abyss:4)
  8 wights
  Dowan (D:6)
  A queen bee zombie (Crypt:1)
  3 killer bees (D:9)
  A polar bear skeleton (Crypt:2)
  A raiju skeleton (Crypt:1)
  3 electric eels
  6 howler monkeys
  A shapeshifter skeleton (Crypt:2)
  A hound (D:6)
  7 jellies
  13 orc priests
  A gnoll bouda (D:7)
  6 iguanas
  Natasha (thrice) (D:2)
  31 orc wizards
  9 hell rats (Hell)
  A boggart skeleton (D:14)
  4 lightning spires (Zot:3)
  A naga skeleton (Crypt:2)
  Robin (D:2)
  13 gnolls
  6 adders
  2 river rats (Sewer)
  2 white imps (Abyss:4)
  3 ufetubi
  3 worms
  A worm (shapeshifter) (Vaults:5)
  2 dart slugs (D:1)
  101 orcs
  16 ball pythons
  2 bats (D:1)
  5 endoplasms
  3 giant cockroaches
  21 goblins
  7 hobgoblins
  2 jackals (D:2)
  4 quokkas
  5 frilled lizards
  27 kobolds
  A quokka skeleton (Crypt:2)
  11 rats
  3 bushes (D:9)
  A creeping inferno (Hell)
  14 fire vortices
  2 foxfires (Swamp:1)
  3 fulminant prisms
  4 lurking horrors
  6 starspawn tentacles (Abyss:4)
3098 creatures vanquished.

Vanquished Creatures (collateral kills)
  An ancient lich (Tar:7)
  2 Killer Klowns
  2 tentacled monstrosities
  2 titans
  A lich (Vaults:5)
  A death cob (Zot:1)
  A shadow dragon (Zot:4)
  2 nagarajas (Snake:4)
  A draconian knight (Zot:5)
  A frost giant (Coc:1)
  A vault warden (Vaults:3)
  A shard shrike simulacrum (Coc:5)
  An elemental wellspring (Coc:5)
  A black draconian (Zot:4)
  A yellow draconian (Zot:4)
  A salamander tyrant (Snake:3)
  4 anacondas (Snake:4)
  5 naga warriors (Snake:4)
  5 naga sharpshooters
  A quicksilver dragon simulacrum (Coc:5)
  A deep troll (Vaults:3)
  A spriggan simulacrum (Coc:1)
  2 naga ritualists (Snake:4)
  A necromancer (Hell)
  4 mana vipers (Snake:4)
  A salamander (Snake:4)
  A moth of wrath (Zot:5)
  A black mamba (Snake:4)
  A vault sentinel (Vaults:3)
  2 guardian serpents (Snake:4)
  A naga mage (Snake:4)
  A storm dragon simulacrum (Coc:1)
  3 yaktaurs (Vaults:3)
  An anaconda simulacrum (Hell)
  A bunyip simulacrum (Coc:1)
  A harpy simulacrum (Coc:7)
  7 nagas
  5 hell rats (Hell)
  An orc (Vaults:5)
  A creeping inferno (Hell)
72 creatures vanquished.

Vanquished Creatures (others)
  A tentacled monstrosity (Zot:4)
  A draconian shifter (Zot:2)
  An orc knight (Elf:1)
  2 bloated husks
  A water elemental (D:14)
  An alligator snapping turtle simulacrum (Coc:3)
  2 briar patches (Abyss:4)
  4 demonic plants (D:13)
  423 fire vortices
  10 foxfires (Swamp:1)
  222 fulminant prisms
  32 fungi
  A lurking horror (Abyss:4)
  104 plants
  17 starspawn tentacles (Abyss:4)
822 creatures vanquished.

Grand Total: 3992 creatures vanquished

Notes
Turn   | Place    | Note
-------+----------+-------------------------------------------
     0 | D:1      | FexLirch the Djinni Conjurer began the quest for the Orb.
     0 | D:1      | FexLirch set off with the following spells memorised: Magic
                  | Dart, Searing Ray, Dazzling Flash, Fulminant Prism,
                  | Iskenderun's Mystic Blast.
     0 | D:1      | Reached XP level 1. HP: 15/15 MP: 0/0
   106 | D:1      | Found a faded altar of an unknown god.
   298 | D:1      | Reached XP level 2. HP: 11/21 MP: 0/0
   963 | D:1      | Reached XP level 3. HP: 22/25 MP: 0/0
   963 | D:1      | Learned a level 1 spell: Shock
  1615 | D:2      | Noticed Sigmund
  1875 | D:2      | Noticed Natasha
  1880 | D:2      | Killed Natasha
  1881 | D:2      | Reached XP level 4. HP: 17/31 MP: 0/0
  1888 | D:2      | Reached skill level 4 in Spellcasting
  2442 | D:2      | Noticed Natasha
  2446 | D:2      | Killed Natasha
  2447 | D:2      | Reached XP level 5. HP: 24/35 MP: 0/0
  2447 | D:2      | Learned a level 2 spell: Blink
  2543 | D:2      | Killed Sigmund
  2544 | D:2      | Reached skill level 5 in Spellcasting
  2544 | D:2      | Reached XP level 6. HP: 15/40 MP: 0/0
  2816 | D:2      | Noticed Natasha
  2823 | D:2      | Killed Natasha
  3054 | D:2      | Found Divawub's Book Shop.
  3521 | D:2      | Noticed Robin
  3530 | D:2      | Killed Robin
  3874 | D:3      | Found Zaosi's Armour Boutique.
  3903 | D:3      | Reached XP level 7. HP: 39/45 MP: 0/0
  3903 | D:3      | Learned a level 2 spell: Scorch
  4083 | D:3      | Found a glowing drain.
  4087 | Sewer    | Entered a sewer
  4302 | Sewer    | Reached skill level 6 in Spellcasting
  4760 | D:3      | Found a stormy altar of Qazlal.
  4866 | D:3      | Found a shimmering altar of Xom.
  4866 | D:3      | Found a faded altar of an unknown god.
  4874 | D:3      | Found an iron altar of Okawaru.
  4876 | D:3      | Found a faded altar of an unknown god.
  4878 | D:3      | Found a glowing golden altar of the Shining One.
  5162 | D:4      | Noticed Grinder
  5164 | D:4      | Noticed Eustachio
  5373 | D:4      | Reached XP level 8. HP: 41/50 MP: 0/0
  5382 | D:4      | Reached skill level 7 in Spellcasting
  5679 | D:4      | Noticed Blork the orc
  5863 | D:4      | Killed Eustachio
  5864 | D:4      | Reached skill level 8 in Spellcasting
  5933 | D:4      | Noticed Pikel
  5937 | D:4      | Killed Pikel
  5938 | D:4      | Reached XP level 9. HP: 28/55 MP: 0/0
  5938 | D:4      | Learned a level 4 spell: Flame Wave
  5954 | D:4      | Noticed Edmund
  5964 | D:4      | Killed Edmund
  5965 | D:4      | Reached skill level 9 in Spellcasting
  6229 | D:4      | Killed Blork the orc
  6316 | D:4      | Killed Grinder
  6455 | D:4      | Identified the +8 sling of Moamonin {vorpal, Dex+2}
  6693 | D:5      | Entered Level 5 of the Dungeon
  6754 | D:5      | Found a sacrificial altar of Ru.
  7737 | D:6      | Reached skill level 10 in Spellcasting
  7765 | D:6      | Reached skill level 1 in Fighting
  7932 | D:6      | Found a sparkling altar of Nemelex Xobeh.
  7957 | D:6      | Reached XP level 10. HP: 55/63 MP: 0/0
  8205 | D:6      | Noticed Duvessa
  8321 | D:6      | Found a snail-covered altar of Cheibriados.
  8358 | D:6      | Became a worshipper of Cheibriados the Contemplative
  8413 | D:6      | Noticed Dowan
  8424 | D:6      | Killed Dowan
  8425 | D:6      | Killed Duvessa
  8821 | D:7      | Noticed a two-headed ogre
  8829 | D:7      | Killed a two-headed ogre
  8830 | D:7      | Reached skill level 5 in Dodging
  9026 | D:7      | Found a hazy altar of Hepliaklqana.
  9191 | D:7      | Reached * piety under Cheibriados
  9317 | D:7      | Noticed Menkaure
  9326 | D:7      | Killed Menkaure
  9377 | D:7      | Found a bloodstained altar of Trog.
  9486 | D:7      | Reached skill level 11 in Spellcasting
  9587 | D:7      | Found a staircase to the Ecumenical Temple.
  9751 | D:7      | Reached skill level 1 in Armour
  9938 | D:8      | Noticed Maggie
  9945 | D:8      | Killed Maggie
  9947 | D:8      | Noticed Joseph
  9959 | D:8      | Killed Joseph
  9960 | D:8      | Reached XP level 11. HP: 41/74 MP: 0/0
  9960 | D:8      | Learned a level 5 spell: Fireball
 10341 | D:8      | Noticed Amaemon
 10355 | D:8      | Killed Amaemon
 10356 | D:8      | Reached skill level 5 in Fighting
 10531 | D:8      | Found a white marble altar of Elyvilon.
 10642 | D:8      | Reached ** piety under Cheibriados
 10754 | D:8      | Noticed Psyche
 10761 | D:8      | Killed Psyche
 11403 | D:9      | Noticed an orange crystal statue
 11806 | D:9      | Found a blossoming altar of Fedhas.
 11827 | D:9      | Noticed an oklob plant
 11851 | D:9      | Killed an oklob plant
 12087 | D:9      | Found Ecolion's Antique Weapon Shop.
 12087 | D:9      | Found Yczy's Distillery.
 12091 | D:9      | Found Highino's Book Shop.
 12227 | D:9      | Found Cirumpic's Magic Scroll Shop.
 12303 | D:9      | Bought a scroll of identify for 26 gold pieces
 12303 | D:9      | Bought a scroll of teleportation for 39 gold pieces
 12303 | D:9      | Bought a scroll of blinking for 97 gold pieces
 12307 | D:9      | Bought a potion of curing for 36 gold pieces
 12387 | D:9      | Noticed a two-headed ogre
 12391 | D:9      | Killed a two-headed ogre
 12737 | D:9      | Reached *** piety under Cheibriados
 13056 | D:9      | Killed an orange crystal statue
 13057 | D:9      | Reached skill level 12 in Spellcasting
 13072 | D:10     | Entered Level 10 of the Dungeon
 13112 | D:10     | Reached XP level 12. HP: 60/83 MP: 0/0
 13414 | D:10     | Noticed a two-headed ogre
 13417 | D:10     | Killed a two-headed ogre
 13417 | D:10     | Reached **** piety under Cheibriados
 13418 | D:10     | Reached skill level 5 in Armour
 13516 | D:10     | Found a staircase to the Lair.
 13671 | D:10     | Found a staircase to the Orcish Mines.
 14471 | D:12     | Noticed a seven-headed hydra
 14474 | D:12     | Killed a seven-headed hydra
 14474 | D:12     | Reached ***** piety under Cheibriados
 14505 | D:12     | Noticed an eight-headed hydra
 14537 | D:12     | Killed an eight-headed hydra
 14542 | D:12     | Reached XP level 13. HP: 51/91 MP: 0/0
 14542 | D:12     | Learned a level 5 spell: Lee's Rapid Deconstruction
 14595 | D:12     | Found Nyiwkop's Neck Hole.
 14801 | D:12     | Reached skill level 1 in Shields
 14804 | D:12     | Reached skill level 13 in Spellcasting
 15057 | D:13     | Noticed a six-headed hydra
 15060 | D:13     | Killed a six-headed hydra
 15358 | D:14     | Noticed Frances
 15365 | D:14     | Killed Frances
 15441 | D:14     | Noticed a centaur warrior
 15445 | D:14     | Killed a centaur warrior
 15572 | D:14     | Noticed Azrael
 15584 | D:14     | Noticed a boulder beetle
 15610 | D:14     | Killed a boulder beetle
 15723 | Lair:1   | Entered Level 1 of the Lair of Beasts
 15726 | Lair:1   | Reached skill level 10 in Dodging
 15736 | Lair:1   | Found an ornate altar of the Wu Jian Council.
 15917 | Lair:1   | Identified the +0 plate armour of Poene {Int+3}
 16267 | Lair:1   | Noticed a boulder beetle
 16274 | Lair:1   | Killed a boulder beetle
 16275 | Lair:1   | Reached skill level 1 in Invocations
 16401 | Lair:1   | Found a hide-covered altar of Uskayaw.
 16550 | Lair:1   | Identified the +0 leather armour "Kudok" {Str+3}
 16792 | Lair:2   | Reached XP level 14. HP: 94/99 MP: 0/0
 16803 | Lair:2   | Reached ****** piety under Cheibriados
 16966 | Lair:2   | Found a staircase to the Swamp.
 18093 | Lair:3   | Found a staircase to the Snake Pit.
 18483 | Lair:3   | Reached skill level 5 in Shields
 18483 | Lair:3   | Reached skill level 14 in Spellcasting
 19060 | Lair:4   | Found a staircase to the Slime Pits.
 19060 | Lair:4   | Found a viscous altar of Jiyva.
 19772 | Lair:5   | Entered Level 5 of the Lair of Beasts
 19785 | Lair:5   | Identified 2 scrolls of acquirement
 19786 | Lair:5   | Acquired an amulet of regeneration
 19798 | Lair:5   | Acquired a manual of Dodging
 20377 | Lair:5   | Reached XP level 15. HP: 101/107 MP: 0/0
 20377 | Lair:5   | Learned a level 6 spell: Statue Form
 20450 | Lair:5   | Reached skill level 10 in Fighting
 20605 | Lair:5   | Reached skill level 5 in Invocations
 21053 | Orc:1    | Entered Level 1 of the Orcish Mines
 21064 | Orc:1    | Noticed Erica
 21070 | Orc:1    | Killed Erica
 21177 | Orc:1    | Found Losiot's Mass Market.
 21179 | Orc:1    | Found Xotese Wauk's Antique Armour Shop.
 21377 | Orc:1    | Found Rohefam's Book Boutique.
 21422 | Orc:1    | Found Vusugump's Assorted Antiques.
 21685 | Orc:2    | Entered Level 2 of the Orcish Mines
 21915 | Orc:2    | Found a staircase to the Elven Halls.
 22403 | Orc:2    | Found Tussuaf's Armour Shop.
 22403 | Orc:2    | Found Wusoled's Distillery.
 22448 | Orc:2    | Found Fibecvib's Weapon Shop.
 22448 | Orc:2    | Found Jadida's Book Shoppe.
 22705 | Orc:1    | Bought the +2 shield of Resistance {rF++ rC++ Will++} for
                  | 1480 gold pieces
 22705 | Orc:1    | Found the +2 shield of Resistance {rF++ rC++ Will++}
 22864 | Snake:1  | Entered Level 1 of the Snake Pit
 22872 | Snake:1  | Reached skill level 15 in Spellcasting
 23272 | Snake:2  | Reached XP level 16. HP: 109/115 MP: 0/0
 23377 | Snake:2  | Noticed a nagaraja
 23384 | Snake:2  | Killed a nagaraja
 23546 | Snake:2  | Noticed Saint Roka
 23784 | Orc:1    | Bought a bloodstained cloak for 285 gold pieces
 23784 | Orc:1    | Identified the +2 cloak "Uxkogan" {rF- rC+ Dex+4 Slay+3}
                  | (You bought it in a shop on level 1 of the Orcish Mines)
 24022 | Snake:2  | Killed Saint Roka
 24696 | Snake:3  | Noticed a nagaraja
 24702 | Snake:3  | Killed a nagaraja
 24874 | Snake:3  | Noticed Aizul
 24885 | Snake:3  | Killed Aizul
 25209 | Snake:3  | Reached XP level 17. HP: 98/121 MP: 0/0
 25209 | Snake:3  | Learned a level 6 spell: Death Channel
 25214 | Snake:3  | Noticed Vashnia
 25220 | Snake:3  | Killed Vashnia
 25283 | Snake:3  | Found a transporter.
 25289 | Snake:3  | Found a transporter.
 25353 | Snake:3  | Reached skill level 16 in Spellcasting
 25355 | Snake:3  | Reached skill level 15 in Dodging
 25829 | Snake:4  | Entered Level 4 of the Snake Pit
 25851 | Snake:4  | Noticed Roxanne
 25856 | Snake:4  | Killed Roxanne
 26211 | Snake:4  | Reached XP level 18. HP: 130/130 MP: 0/0
 26219 | Snake:4  | Reached skill level 10 in Shields
 26275 | Snake:4  | Got a serpentine rune of Zot
 26745 | Swamp:1  | Entered Level 1 of the Swamp
 26865 | Swamp:1  | Found a frozen archway.
 26909 | IceCv    | Entered an ice cave
 27170 | IceCv    | Acquired 1208 gold pieces
 27254 | IceCv    | Reached skill level 17 in Spellcasting
 27260 | IceCv    | Reached skill level 10 in Invocations
 27293 | IceCv    | Noticed a shard shrike
 27301 | IceCv    | Killed a shard shrike
 27322 | IceCv    | Identified the amulet "Keono" {Spirit Str+4 Dex+5}
 27987 | Swamp:1  | Noticed Nikola
 27995 | Swamp:1  | Killed Nikola
 28131 | Swamp:2  | Reached XP level 19. HP: 138/138 MP: 0/0
 28131 | Swamp:2  | Learned a level 7 spell: Orb of Destruction
 28827 | Swamp:3  | Noticed Bai Suzhen
 28837 | Swamp:3  | Killed Bai Suzhen
 29338 | Swamp:4  | Entered Level 4 of the Swamp
 29903 | Swamp:4  | Got a decaying rune of Zot
 30162 | Elf:1    | Entered Level 1 of the Elven Halls
 30162 | Elf:1    | Found a runed translucent gate.
 30162 | Elf:1    | Found a runed translucent gate.
 30162 | Elf:1    | Found a runed translucent gate.
 30162 | Elf:1    | Found a runed translucent gate.
 30162 | Elf:1    | Found a runed translucent gate.
 30162 | Elf:1    | Found a runed translucent gate.
 30163 | Elf:1    | Found a runed translucent door.
 30169 | Elf:1    | Found a runed translucent door.
 30488 | Elf:1    | Found Renaiw's Assorted Antiques.
 30512 | Elf:1    | Reached XP level 20. HP: 146/146 MP: 0/0
 30536 | Elf:1    | Identified the +2 plate armour of Anneob {rC+ Str+2}
 30540 | Elf:1    | Bought a scroll of blinking for 202 gold pieces
 30556 | Elf:1    | Found a runed translucent gate.
 30556 | Elf:1    | Found a runed translucent gate.
 30556 | Elf:1    | Found a runed translucent gate.
 30556 | Elf:1    | Found a runed translucent gate.
 30556 | Elf:1    | Found a runed translucent gate.
 30560 | Elf:1    | Found a runed translucent gate.
 30644 | Elf:1    | Found Tipnic's Jewellery Shop.
 30649 | Elf:1    | Found Liehi's General Store.
 30706 | Elf:1    | Found a runed translucent door.
 31220 | Elf:2    | Reached skill level 18 in Spellcasting
 31421 | Elf:2    | Found a runed translucent gate.
 31421 | Elf:2    | Found a runed translucent gate.
 31421 | Elf:2    | Found a runed translucent gate.
 31569 | Elf:2    | Found Qaluduz's Antique Weapon Shop.
 31907 | Elf:2    | Paralysed by an air elemental for 1 turns
 32375 | Elf:3    | Entered Level 3 of the Elven Halls
 32717 | Elf:3    | Found Itzekk's Armour Shop.
 32796 | Elf:3    | Paralysed by an air elemental for 1 turns
 32803 | Elf:3    | Reached XP level 21. HP: 153/153 MP: 0/0
 32803 | Elf:3    | Learned a level 7 spell: Dragon Form
 32803 | Elf:3    | Noticed a Brimstone Fiend
 32888 | Elf:3    | Identified the +2 rapier of Zonytoen {distort, +Blink
                  | Str+7}
 32957 | Elf:3    | Identified the +4 scale mail "Myujoug" {rC+}
 32993 | Elf:3    | Identified the +2 robe of the Demon Prince {Rampage rElec
                  | rF++ Int-5}
 33006 | Elf:3    | Identified the +5 ring mail of Satisfaction {rN+ Slay+3}
 33054 | Elf:3    | Identified the ring "Intub" {rF+ Str+3}
 33827 | D:14     | Killed Azrael
 33969 | D:14     | Noticed Nessos
 33973 | D:14     | Killed Nessos
 34172 | D:14     | Found a gate to the Vaults.
 34235 | D:14     | Reached skill level 15 in Fighting
 34641 | D:15     | Entered Level 15 of the Dungeon
 35187 | D:15     | Found a staircase to the Depths.
 35410 | Vaults:1 | Entered Level 1 of the Vaults
 35530 | Vaults:1 | Reached skill level 19 in Spellcasting
 35533 | Vaults:1 | Noticed Zenata
 35538 | Vaults:1 | Killed Zenata
 35745 | Vaults:1 | Reached XP level 22. HP: 161/161 MP: 0/0
 36670 | Vaults:2 | Identified the +10 scimitar of Hemeune {elec, rN+ rCorr
                  | Int-4 Stlth+}
 37017 | Vaults:2 | Found a staircase to the Crypt.
 38520 | Vaults:3 | Found Wuropiva's Distillery.
 38818 | Vaults:3 | Identified the +0 pair of gloves "Tearal" {rF+}
 38916 | Vaults:3 | Reached XP level 23. HP: 168/168 MP: 0/0
 38916 | Vaults:3 | Learned a level 8 spell: Discord
 39608 | Vaults:4 | Identified the +2 hand axe "Fuistre" {antimagic, *Slow
                  | rPois Str+4 Int+2}
 40290 | Vaults:4 | Identified the +2 robe of Viocseq {SInv}
 40769 | Elf:1    | Bought a ring of positive energy for 340 gold pieces
 40773 | Elf:1    | Bought a +6 ring of intelligence for 612 gold pieces
 41025 | Crypt:1  | Entered Level 1 of the Crypt
 41158 | Crypt:1  | Reached skill level 20 in Spellcasting
 42864 | Crypt:3  | Entered Level 3 of the Crypt
 43031 | Crypt:3  | Found a staircase to the Tomb.
 43089 | Crypt:3  | Reached skill level 15 in Shields
 43089 | Crypt:3  | Reached XP level 24. HP: 177/177 MP: 0/0
 43108 | Crypt:3  | HP: 7/230 [mummy priest/divine providence (12)]
 43831 | Crypt:3  | Found a basalt altar of Yredelemnul.
 43953 | Crypt:3  | Identified the +2 pair of gloves of the Armoured One
                  | {+Blink Int+3}
 43956 | Crypt:3  | Identified the +7 demon blade of Causality {flame, Int+6}
 44381 | Depths:1 | Entered Level 1 of the Depths
 44452 | Depths:1 | Identified the +0 plate armour of the Uplifting Gods {-Tele
                  | rElec Slay+6}
 44458 | Depths:1 | Reached skill level 15 in Invocations
 44945 | Depths:1 | Found a gateway to Hell.
 44997 | Depths:1 | Found a one-way gate to the infinite horrors of the Abyss.
 45008 | Depths:1 | Found a glowing silver altar of Zin.
 45348 | Depths:1 | Found a glowing silver altar of Zin.
 45789 | Depths:2 | Reached XP level 25. HP: 164/184 MP: 0/0
 45789 | Depths:2 | Learned a level 8 spell: Necromutation
 45856 | Depths:2 | Found a one-way gate leading to the halls of Pandemonium.
 45914 | Depths:2 | Reached skill level 21 in Spellcasting
 46219 | Depths:2 | You are sucked into a shaft and drop 2 floors!
 46219 | Depths:4 | Entered Level 4 of the Depths
 46276 | Depths:2 | Identified the +6 rapier of Joegippi {freeze, Int+6 Dex+4}
 46563 | Depths:3 | Found Ceit Hoi's Armour Shoppe.
 46674 | Depths:3 | Bought a +0 helmet of see invisible for 138 gold pieces
 46692 | Depths:3 | Found a one-way gateway to a ziggurat.
 47047 | Depths:3 | Found Urphoxtifif's Distillery.
 47054 | Depths:3 | Bought a potion of heal wounds for 95 gold pieces
 47054 | Depths:3 | Bought a potion of heal wounds for 95 gold pieces
 47352 | Depths:3 | Found Sesib's Assorted Antiques.
 47360 | Depths:3 | Bought a scroll of blinking for 232 gold pieces
 47523 | Depths:3 | Found Gazyonk's General Store.
 48088 | Depths:4 | Found a gate to the Realm of Zot.
 48450 | Depths:4 | Noticed a caustic shrike
 48450 | Depths:4 | Noticed a caustic shrike
 48451 | Depths:4 | Noticed a caustic shrike
 48459 | Depths:4 | Killed a caustic shrike
 48459 | Depths:4 | Killed a caustic shrike
 48461 | Depths:4 | Killed a caustic shrike
 48732 | Depths:4 | Found Cottu's Magic Scroll Shop.
 48735 | Depths:4 | Found Wipn's Antique Weapon Boutique.
 48735 | Depths:4 | Found Xijuha's Jewellery Shop.
 48738 | Depths:4 | Found Icuvurph's Antique Weapon Boutique.
 48755 | Depths:4 | Bought the ring of Lejat {rF+ rN+ Will+ Str+2} for 920 gold
                  | pieces
 49240 | Depths:3 | Voluntarily entered the Abyss.
 49345 | Abyss:2  | Found a corrupted altar of Lugonu.
 49815 | Abyss:4  | Reached XP level 26. HP: 149/193 MP: 0/0
 50058 | Abyss:4  | Paralysed by an air elemental for 1 turns
 50061 | Abyss:4  | Paralysed by an air elemental for 1 turns
 50520 | Abyss:4  | Gained mutation: You occasionally shout uncontrollably at
                  | your foes. [a neqoxec]
 50523 | Abyss:4  | Got an abyssal rune of Zot
 50544 | Depths:3 | Escaped the Abyss
 50806 | Slime:1  | Entered Level 1 of the Pits of Slime
 50968 | Slime:5  | Entered Level 5 of the Pits of Slime
 51007 | Slime:5  | Reached skill level 22 in Spellcasting
 51015 | Slime:5  | Noticed the Royal Jelly
 51647 | Slime:5  | Killed the Royal Jelly
 51676 | Slime:5  | Gained mutation: You occasionally lose the ability to drink
                  | potions when taking damage. [a shining eye]
 51680 | Slime:5  | Gained mutation: You are weak. (Str -2) [a shining eye]
 51859 | Slime:5  | Identified the ring of the Pariah {rElec rN+ Int+2 Dex+6}
 51864 | Slime:5  | Identified the ring of Godgh {rPois EV+4 Str+3}
 51865 | Slime:5  | Identified the ring of Hyut {rC+ Int+6}
 51887 | Slime:5  | Got a slimy rune of Zot
 52340 | Zot:1    | Entered Level 1 of the Realm of Zot
 52348 | Zot:1    | Found a transporter.
 52352 | Zot:1    | Noticed runemage's ghost (legendary GnFi)
 52379 | Zot:1    | Reached XP level 27. HP: 98/201 MP: 0/0
 52379 | Zot:1    | Learned a level 9 spell: Fire Storm
 52401 | Zot:1    | Noticed an orb of fire
 52402 | Zot:1    | Noticed runemage's ghost (legendary GnFi)
 52528 | Zot:1    | Found a transporter.
 52532 | Zot:1    | Identified the ring of Neubbaaf {EV+4 Int+2 Stlth+}
 52630 | Zot:1    | Noticed an orb of fire
 52633 | Zot:1    | Gained mutation: Your body sometimes deteriorates upon
                  | taking damage. [an orb of fire]
 52636 | Zot:1    | Killed an orb of fire
 52720 | Zot:1    | Lost mutation: You occasionally shout uncontrollably at
                  | your foes. [potion of mutation]
 52720 | Zot:1    | Lost mutation: You are weak. (Str -2) [potion of mutation]
 52720 | Zot:1    | Lost mutation: Your body sometimes deteriorates upon taking
                  | damage. [potion of mutation]
 52720 | Zot:1    | Gained mutation: Your muscles are strong. (Str +4, Int/Dex
                  | -1) [potion of mutation]
 52720 | Zot:1    | Gained mutation: You sometimes lose your temper in combat.
                  | [potion of mutation]
 52720 | Zot:1    | Gained mutation: You are robust. (+10% HP) [potion of
                  | mutation]
 52918 | Zot:1    | Reached skill level 10 in Armour
 53087 | Zot:1    | Identified the ring of Lochum {AC+4 Str+5}
 53089 | Zot:1    | Identified the ring of Zoakh {Will+ MP+9 Str+6 Int-4 Dex+2}
 53698 | Zot:2    | Noticed a Killer Klown
 53700 | Zot:2    | Killed a Killer Klown
 54088 | Zot:2    | Noticed an orb of fire
 54094 | Zot:2    | Killed an orb of fire
 55401 | Zot:3    | Gained mutation: Your body sometimes deteriorates upon
                  | taking damage. [mutagenic glow]
 55621 | Zot:3    | Lost mutation: Your body sometimes deteriorates upon taking
                  | damage. [potion of mutation]
 55621 | Zot:3    | Lost mutation: You sometimes lose your temper in combat.
                  | [potion of mutation]
 55621 | Zot:3    | Gained mutation: Your flesh is almost immune to the effects
                  | of heat. (rF+++) [potion of mutation]
 55622 | Zot:3    | Lost mutation: Your muscles are strong. (Str +4, Int/Dex
                  | -1) [potion of mutation]
 55622 | Zot:3    | Lost mutation: Your flesh is almost immune to the effects
                  | of heat. (rF+++) [potion of mutation]
 55622 | Zot:3    | Lost mutation: You occasionally lose the ability to drink
                  | potions when taking damage. [potion of mutation]
 55622 | Zot:3    | Gained mutation: Armour fits poorly on your strangely
                  | shaped body. [potion of mutation]
 56360 | Zot:4    | Found the +4 dragonskin cloak
 56360 | Zot:4    | Noticed Tiamat
 56362 | Zot:4    | Noticed a Killer Klown
 56367 | Zot:4    | Killed Tiamat
 56369 | Zot:4    | Killed a Killer Klown
 56378 | Zot:4    | Noticed a Killer Klown
 56473 | Zot:4    | Killed a Killer Klown
 56610 | Zot:4    | Reached skill level 23 in Spellcasting
 57186 | Zot:4    | Noticed an orb of fire
 57194 | Zot:4    | Killed an orb of fire
 57405 | Zot:4    | Identified the +2 broad axe of Uncomfortable Rashes {flame,
                  | rPois}
 57552 | Zot:5    | Entered Level 5 of the Realm of Zot
 57985 | Zot:5    | Noticed an ancient lich
 57989 | Zot:5    | Killed an ancient lich
 58020 | Zot:5    | Noticed an orb of fire
 58030 | Zot:5    | Killed an orb of fire
 58158 | Zot:5    | Noticed a Killer Klown
 58161 | Zot:5    | Noticed a Killer Klown
 58162 | Zot:5    | Noticed an orb of fire
 58167 | Zot:5    | Killed a Killer Klown
 58174 | Zot:5    | Noticed a Killer Klown
 58341 | Zot:4    | Killed a Killer Klown
 58370 | Zot:5    | Noticed an ancient lich
 58376 | Zot:5    | Killed an ancient lich
 58509 | Zot:5    | Noticed a Killer Klown
 58512 | Zot:5    | Killed a Killer Klown
 58574 | Zot:5    | Killed an orb of fire
 58773 | Zot:5    | Noticed a Killer Klown
 58776 | Zot:5    | Killed a Killer Klown
 58859 | Zot:5    | Noticed a Killer Klown
 58861 | Zot:5    | Killed a Killer Klown
 58861 | Zot:5    | Gained mutation: You occasionally lose the ability to drink
                  | potions when taking damage. [mutagenic glow]
 58877 | Zot:5    | Killed a Killer Klown
 59440 | Vaults:5 | Entered Level 5 of the Vaults
 59740 | Vaults:5 | Noticed Mennas
 59742 | Vaults:5 | Killed Mennas
 59756 | Vaults:5 | Reached skill level 24 in Spellcasting
 59932 | Vaults:5 | Identified the ring "Cenahuhya" {Str+2 Dex+6 Slay+3}
 60182 | Vaults:5 | Identified the ring of Lust {Will+ Str+4 Dex+6 Slay+3
                  | Stlth+} (You took it off an ironbound preserver on level 5
                  | of the Vaults)
 60309 | Vaults:5 | Noticed a dread lich
 60313 | Vaults:5 | Killed a dread lich
 60490 | Vaults:5 | Noticed a dread lich
 60498 | Vaults:5 | Killed a dread lich
 60594 | Vaults:5 | Got a silver rune of Zot
 61431 | Hell     | Entered the Vestibule of Hell
 61431 | Hell     | Noticed Geryon
 61442 | Hell     | Killed Geryon
 61866 | Hell     | Found a gateway to the freezing wastes of Cocytus.
 61910 | Hell     | Found a gateway to the ashen valley of Gehenna.
 62034 | Hell     | Found a gateway to the Iron City of Dis.
 62081 | Hell     | Found a gateway to the decaying netherworld of Tartarus.
 62126 | Coc:1    | Entered Level 1 of Cocytus
 62512 | Coc:3    | Noticed a shard shrike
 62513 | Coc:3    | Noticed a shard shrike
 62514 | Coc:3    | Killed a shard shrike
 62515 | Coc:3    | Noticed a shard shrike
 62516 | Coc:3    | Noticed a shard shrike
 62517 | Coc:3    | Killed a shard shrike
 62518 | Coc:3    | Killed a shard shrike
 62519 | Coc:3    | Killed a shard shrike
 62524 | Coc:3    | Noticed a shard shrike
 62525 | Coc:3    | Noticed a shard shrike
 62526 | Coc:3    | Killed a shard shrike
 62526 | Coc:3    | Killed a shard shrike
 62533 | Coc:3    | Reached skill level 15 in Armour
 62637 | Coc:4    | Reached skill level 25 in Spellcasting
 62870 | Coc:6    | Noticed a shard shrike
 62871 | Coc:6    | Noticed a shard shrike
 62871 | Coc:6    | Noticed a shard shrike
 62871 | Coc:6    | Noticed a shard shrike
 62872 | Coc:6    | Killed a shard shrike
 62872 | Coc:6    | Killed a shard shrike
 62872 | Coc:6    | Killed a shard shrike
 62874 | Coc:6    | Noticed a shard shrike
 62875 | Coc:6    | Noticed a shard shrike
 62876 | Coc:6    | Killed a shard shrike
 62876 | Coc:6    | Killed a shard shrike
 62880 | Coc:6    | Killed a shard shrike
 63132 | Coc:7    | Entered Level 7 of Cocytus
 63267 | Coc:7    | Noticed a shard shrike
 63269 | Coc:7    | Killed a shard shrike
 63303 | Coc:7    | Noticed a shard shrike
 63309 | Coc:7    | Noticed a shard shrike
 63310 | Coc:7    | Noticed a shard shrike
 63311 | Coc:7    | Noticed a shard shrike
 63313 | Coc:7    | Killed a shard shrike
 63313 | Coc:7    | Noticed a shard shrike
 63315 | Coc:7    | Noticed a shard shrike
 63315 | Coc:7    | Killed a shard shrike
 63315 | Coc:7    | Killed a shard shrike
 63317 | Coc:7    | Noticed a shard shrike
 63317 | Coc:7    | Killed a shard shrike
 63318 | Coc:7    | Killed a shard shrike
 63319 | Coc:7    | Killed a shard shrike
 63321 | Coc:7    | Killed a shard shrike
 63321 | Coc:7    | Paralysed by a wendigo for 1 turns
 63854 | Coc:7    | Noticed a shard shrike
 63862 | Coc:7    | Killed a shard shrike
 63869 | Coc:7    | Paralysed by a wendigo for 1 turns
 63882 | Coc:7    | Noticed a shard shrike
 63884 | Coc:7    | Killed a shard shrike
 63944 | Coc:7    | Noticed Antaeus
 63950 | Coc:7    | Killed Antaeus
 64045 | Coc:7    | Got an icy rune of Zot
 64048 | Coc:7    | Identified the +1 scale mail of Fedhas, Cursing {rF+ Str+4}
 64203 | Tar:1    | Entered Level 1 of Tartarus
 64316 | Tar:2    | Noticed a dread lich
 64319 | Tar:2    | Killed a dread lich
 64434 | Tar:2    | You are sucked into a shaft and drop 2 floors!
 64449 | Tar:5    | Noticed a dread lich
 64451 | Tar:5    | Killed a dread lich
 64837 | Tar:6    | Reached skill level 26 in Spellcasting
 65079 | Tar:7    | Entered Level 7 of Tartarus
 65413 | Tar:7    | Noticed the Serpent of Hell
 65417 | Tar:7    | Killed the Serpent of Hell
 65424 | Tar:7    | Noticed an ancient lich
 65428 | Tar:7    | Killed an ancient lich
 65430 | Tar:7    | Noticed a dread lich
 65435 | Tar:7    | Killed a dread lich
 65441 | Tar:7    | Noticed a dread lich
 65444 | Tar:7    | Killed a dread lich
 65485 | Tar:7    | Identified the ring "Noecs" {rPois rF+ rN+ Dex-4 SInv}
 65531 | Tar:7    | Identified the +7 long sword of the Five Runes {vorpal,
                  | rElec rF- Str+9}
 65534 | Tar:7    | Identified the +9 shortbow "Vaos" {venom, Drain rF+ Will+
                  | SInv}
 65670 | Tar:7    | Noticed Ereshkigal
 65675 | Tar:7    | Killed Ereshkigal
 65759 | Tar:7    | Got a bone rune of Zot
 66179 | Pan      | Entered Pandemonium
 66492 | Pan      | Noticed Virip the pandemonium lord
 67010 | Pan      | Killed Virip the pandemonium lord
 67273 | Pan      | Got a demonic rune of Zot
 67300 | Pan      | Identified the +2 ring mail of Neti {-Cast rC+ Dex+6 SInv}
 67721 | Pan      | Noticed Caociy the pandemonium lord
 67724 | Pan      | Killed Caociy the pandemonium lord
 68091 | Pan      | Entered the realm of Cerebov.
 68510 | Pan      | Identified the +3 scale mail of Zucsil {rC+ Dex+6}
 68533 | Pan      | Reached skill level 27 in Spellcasting
 68658 | Pan      | Identified the +7 falchion of Giveakaolon {speed, Str+3}
 68676 | Pan      | Found the +6 sword of Cerebov {flame}
 68676 | Pan      | Noticed Cerebov
 68690 | Pan      | Killed from afar by a hellion

Illustrated notes

Levels and vault maps discovered:
D:1:      matt_arrival_refuge, layout_basic,
          hellmonk_ecumenical_altar_crossroads, grunt_decor_resistance,
          chequers_serial_rivers_room_b
D:2:      cheibrodos_helix_gallery, layout_basic, serial_shops, shop,
          uniq_robin, uniq_natasha, uniq_sigmund
D:3:      layout_rooms, grunt_qazlal_sundering,
          chequers_temple_overflow_minitemple, gup_sewer_entry_bowl,
          serial_shops, shop_statue, minmay_fractal_squares_diagonal_5
D:4:      layout_cave_pools, serial_glass, glass_columns_a, glass_columns_c,
          uniq_blork_the_orc, uniq_eustachio, uniq_pikel, uniq_edmund,
          uniq_grinder
D:5:      layout_loops_ring, mainiacjoe_overflow_catwalk,
          kennysheep_small_spiral, minmay_stone_trees_small
D:6:      layout_rooms, cheibriados_altar_1, mainiacjoe_overflow_paths,
          mainiacjoe_overflow_six_doors_small, uniq_duvessa
D:7:      layout_rooms, trog_hazing_becter, nzn_hepliaklqana_mist_gate,
          minmay_temple_entry_ruins, uniq_menkaure
D:8:      layout_loops_ring, mainiacjoe_overflow_boulevard, uniq_joseph,
          uniq_psyche, uniq_maggie, uniq_amaemon
D:9:      layout_cave_pods, tgw_fedhas, minmay_shop_grid_forest, minivault_16
D:10:     layout_basic, david_lair_shrubbed, minmay_orc_entry_guard_dogs
D:11:     layout_loops_ring, corexii_corridor_pit
D:12:     layout_cave_pools, nicolae_shop_sticking_my_neck_out
D:13:     layout_cross, serial_demonic, serial_demonic_f, serial_demonic_e,
          serial_demonic_b, serial_demonic_c
D:14:     layout_basic, hangedman_vaults_entry_quadrant_bands, kennysheep_boxes,
          uniq_azrael, uniq_nessos, uniq_frances
D:15:     grunt_enter_depths_snipers, layout_loops_ring, minmay_misc_feat_doors
Lair:1:   layout_chaotic_city, nzn_masters_of_martial_movement
Lair:2:   layout_chaotic_city, minmay_swamp_entry_reptiles
Lair:3:   nzn_winding_woodlands_three_and_one
          [nzn_winding_woodlands_5x15_crooked,
          nzn_winding_woodlands_5x15_pockets,
          nzn_winding_woodlands_5x15_lazy_stream,
          nzn_winding_woodlands_center_diamonds], layout_regular_city,
          dummy_snake_entry
Lair:4:   layout_long_grid, minmay_slime_entry_pillars, kilobyte_rumbling_trees,
          grunt_megastairs_3
Lair:5:   minmay_lair_end_enchanted_forest, layout_cave_pods
Swamp:1:  layout_falls_marsh, portal_ice_cave_entry_ugly_swarm,
          nicolae_swamp_very_dense_foliage, uniq_nikola
Swamp:2:  layout_basic_swamp, evilmike_swamp_ruin_wall
Swamp:3:  layout_basic_swamp, hangedman_swamp_lotus,
          nicolae_swamp_well_well_well, uniq_bai_suzhen
Swamp:4:  swamp, layout_basic_swamp, swamp_pool2, infiniplex_staircase_pool
Snake:1:  layout_rooms, lemuel_fruit_tree
Snake:2:  layout_onion, serial_bayou_shore_a, nicolae_integral_box,
          uniq_saint_roka
Snake:3:  gammafunk_sealed_arena, layout_cave_town,
          nicolae_snake_magic_snake_eye, uniq_vashnia, uniq_aizul
Snake:4:  grunt_snake_rune_serpentine_throne, layout_misc_corridors,
          uniq_roxanne
Slime:1:  cheibrodos_slime_lost_civilization_9, layout_caves
Slime:2:  layout_caves
Slime:3:  layout_caves
Slime:4:  layout_caves, nicolae_slime_phagocytosis
Slime:5
Orc:1:    layout_caves, basic_altar, serial_shops, nicolae_shop_crystal,
          nicolae_shop_advertising_works [nicolae_subvault_shop_adworks],
          nicolae_shop_stone, minmay_shop_mass, uniq_erica
Orc:2:    st_orc_town, layout_caves
Elf:1:    nicolae_elf_arrival_dilemma, layout_geoelf_octagon, serial_shops,
          nicolae_shop_crystal, orc_legates, abandoned_shop, minivault_13,
          minmay_shop_star
Elf:2:    nicolae_elf_blades_crystal_corner, layout_onion_city, serial_shops,
          shop_statue, st_stairs_4, lemuel_upstairs_altar
Elf:3:    elf_hall, layout_geoelf_octagon, serial_shops, shop,
          hangedman_elf_targetted_burst, grunt_ministairs_5
Vaults:1: vaults_standard_mumra_lines, vaults_mumra_minichess_inversion,
          nicolae_vaults_windows_and_doors_thing,
          nicolae_vaults_little_squares_3, vaults_room_door_hall,
          ontoclasm_vaults_shout, nicolae_vaults_little_squares_6,
          grunt_vaults_twisty, vaults_room_stairs_pillars, vaults_room_fours,
          layout_vaults_omnicross, uniq_zenata
Vaults:2: vaults_dpeg_hooks, grunt_vaults_funnel, v_misc_27,
          nicolae_vaults_little_squares_1, grunt_vaults_swirl,
          ontoclasm_vaults_decontamination, minmay_crypt_entry_skeletal_spiral,
          vaults_dpeg_ring, nicolae_vaults_mini_display_case,
          layout_vaults_omnigrid
Vaults:3: vaults_mumra_hexcomb, nicolae_vaults_three_branches,
          hangedman_vaults_snaps, v_rooms_4, hangedman_vaults_corner,
          st_hourglassy, vaults_room_corners, v_misc_16,
          hangedman_vaults_impose, layout_vaults_chaotic_city, serial_shops,
          shop
Vaults:4: vaults_room_fours, v_misc_16, nicolae_vaults_ninety_degrees, v_misc_9,
          ontoclasm_vaults_claustrophobia, hangedman_vaults_locks,
          v_alt_pattern_6, ontoclasm_vaults_gateway, ontoclasm_vaults_bender,
          grunt_vaults_focal, vaults_dpeg_encased_lava, layout_vaults_omnibox,
          uniq_margery
Vaults:5: serial_shops, uniq_mennas
Crypt:1:  layout_gridlike, nrook_guardian_serpent_ordinary
Crypt:2:  layout_regular_city
Crypt:3:  lightli_unholy_cathedral, layout_chaotic_city,
          tomb_entry_shell_bobbens
Depths:1: minmay_octagon_keep, layout_gridville, abyss_entry, grunt_hell_horde,
          lemuel_tele_altar, serial_sigils, serial_sigils_hangedman_quiver,
          serial_sigils_hangedman_gut, serial_sigils_hangedman_etch,
          serial_sigils_hangedman_stare, serial_sigils_hangedman_confine,
          grunt_decor_clamped, dk_noncrumbling_4, zin_statuary
Depths:2: kennysheep_ogre_elephant_herders, layout_cave_pools, pf_coc_iceberg,
          pan_entry, minmay_misc_feat_diagonals, drop_trap
Depths:3: minmay_imperfect_grid, layout_cave_shapes, enter_ziggurat_e,
          nicolae_vehumet_altar_sigil, serial_shops, shop,
          nicolae_shop_hallway_plus, nicolae_shop_competitors_out_of_business,
          kennysheep_mini, abyss_entry, hell_entry
Depths:4: grunt_zot_entry_bicorn, layout_honeycomb, grunt_hell_entry_dis_mu,
          infiniplex_staircase_pool_lava, minmay_shoptagon
Hell
Coc:1:    layout_cocytus_delve, evilmike_ambush [evilmike_ambush_outer_doors,
          evilmike_ambush_inner_basic]
Coc:2:    layout_ice_bergs
Coc:3:    layout_cocytus_delve
Coc:4:    layout_cocytus_water_paths
Coc:5:    nicolae_hells_giants_party, layout_cocytus_water_paths
Coc:6:    layout_ice_bergs
Coc:7:    coc_grunt
Tar:1:    layout_grid_maze
Tar:2:    layout_honeycomb
Tar:4:    layout_cathedral_of_symmetry, nicolae_tar_combstack
Tar:5:    layout_grid_maze
Tar:6:    layout_honeycomb, nicolae_tar_stay_or_leave
Tar:7:    tar_old
Zot:1:    layout_gridlike, nzn_ghost_randoct, st_single_dragon_hoard_4,
          st_stairs_7
Zot:2:    layout_cathedral_of_symmetry, lemuel_elevator, grunt_megastairs_5
Zot:3:    evilmike_crystal_ball_defense, layout_cathedral_of_symmetry,
          grunt_megastairs_2
Zot:4:    grunt_zot_stairs_mandelzot, layout_cathedral_of_symmetry, uniq_tiamat
Zot:5:    layout_concentric_octagons, hangedman_zot_decor_slant
Pan:      grunt_pan_in_and_out, layout_pan_divisions_a
          [pan_division_quadrant_a5, pan_division_quadrant_a3,
          pan_division_quadrant_a4, pan_division_quadrant_a6,
          pan_division_octagon_empty], grunt_pan_in_and_out,
          layout_pan_divisions_b [pan_division_quadrant_b5,
          pan_division_quadrant_b1, pan_division_quadrant_b3,
          pan_division_quadrant_b5], lemuel_hall_of_pain,
          layout_cellular_growth, nicolae_pan_gloorx_vloqian_4,
          evilmike_mini_pan_branches, layout_gridville, pan_blood_fountain_2,
          pan_blood_fountain, nicolae_pan_sigil_uleosi, evilmike_mini_pan_3x3,
          layout_gridlike, nicolae_pan_gloorx_vloqian_3,
          cerebov_grunt_fire_and_steel, layout_small_grid,
          pan_blood_fountain_small

Skill      XL: |  1  2  3  4  5  6  7  8  9 10 11 12 13 14 15 16 17 18 19 20 21 22 23 24 25 26 27 |
---------------+----------------------------------------------------------------------------------+-----
Stealth        | 2 |  2.1
Spellcasting   | 4 5 6 8 10 11 12 13 14 15 16 17 18 19 20 21 22 27 | 27.0
Dodging        | 3 5 7 8 10 11 13 14 16 17 18 19 20 21 22 25 | 25.8
Fighting       | 1 4 6 7 8 9 10 11 12 13 14 15 16 17 18 23 | 23.5
Armour         | 1 4 6 7 8 9 18 | 18.2
Shields        | 4 5 7 8 9 10 11 12 13 14 15 16 17 22 | 22.6
Invocations    | 1 4 6 7 9 10 11 12 13 14 15 16 | 16.2

Action                   |  1- 3 |  4- 6 |  7- 9 | 10-12 | 13-15 | 16-18 | 19-21 | 22-24 | 25-27 || total
-------------------------+-------+-------+-------+-------+-------+-------+-------+-------+-------++-------
Melee: Unarmed           |       |       |     5 |     2 |       |       |       |       |    15 ||    22
       Staff             |       |       |       |     5 |    33 |     7 |    42 |     6 |   117 ||   210
 Cast: Magic Dart        |    52 |    48 |    61 |    41 |     2 |     2 |       |       |       ||   206
       Shock             |     5 |    19 |    13 |    26 |     3 |     1 |     4 |       |       ||    71
       Fulminant Prism   |       |     8 |    23 |    35 |    15 |    32 |    37 |    31 |    44 ||   225
       Iskenderun's Myst |       |     2 |    27 |    58 |   110 |   111 |   108 |   182 |   457 ||  1055
       Scorch            |       |       |    32 |    11 |    12 |     4 |     7 |     2 |     4 ||    72
       Searing Ray       |       |       |     4 |     2 |       |       |     2 |     1 |     1 ||    10
       Flame Wave        |       |       |     1 |     5 |     4 |    16 |    14 |    46 |    41 ||   127
       Fireball          |       |       |       |    83 |   226 |   124 |   115 |   208 |   386 ||  1142
       Lee's Rapid Decon |       |       |       |       |    39 |    75 |    63 |    99 |   139 ||   415
       Statue Form       |       |       |       |       |     7 |    23 |    37 |    50 |    47 ||   164
       Blink             |       |       |       |       |     1 |     1 |     5 |     2 |    14 ||    23
       Dazzling Flash    |       |       |       |       |     1 |       |     2 |       |       ||     3
       Death Channel     |       |       |       |       |       |     6 |     1 |     1 |     1 ||     9
       Orb of Destructio |       |       |       |       |       |       |    97 |   145 |   328 ||   570
       Dragon Form       |       |       |       |       |       |       |     2 |       |       ||     2
       Necromutation     |       |       |       |       |       |       |       |       |    84 ||    84
       Fire Storm        |       |       |       |       |       |       |       |       |   434 ||   434
Invok: Slouch            |       |       |       |       |     1 |     4 |    10 |       |     7 ||    22
       Bend Time         |       |       |       |       |     1 |       |       |       |     2 ||     3
       Temporal Distorti |       |       |       |       |       |     3 |       |       |     1 ||     4
       Step From Time    |       |       |       |       |       |       |       |       |     4 ||     4
 Abil: End Transformatio |       |       |       |       |     3 |     2 |    12 |     9 |    12 ||    38
Evoke: Wand              |       |       |       |       |       |       |       |       |     4 ||     4
       Lightning rod     |       |       |       |       |       |       |       |       |     1 ||     1
  Use: Scroll            |       |       |     7 |     1 |    19 |     6 |     2 |     4 |    24 ||    63
       Potion            |       |       |       |     1 |       |     1 |       |       |    15 ||    17
Armor: Robe              |       |     2 |     6 |     8 |       |       |       |       |       ||    16
       Troll leather arm |       |       |       |     8 |     1 |       |       |       |       ||     9
       Plate armour      |       |       |       |       |     1 |       |    10 |    14 |    65 ||    90
       Chain mail        |       |       |       |       |     6 |     9 |     2 |       |       ||    17
       Skin              |       |       |       |       |    10 |    52 |    76 |    68 |   124 ||   330
       Storm dragon scal |       |       |       |       |       |       |       |       |    61 ||    61
Dodge: Dodged            |     4 |    10 |    18 |    36 |    53 |   164 |   324 |   267 |   808 ||  1684
Block: Other             |       |       |     8 |    10 |       |       |       |       |       ||    18
       Reflection        |       |       |     1 |     7 |    10 |       |       |       |       ||    18
       Kite shield       |       |       |       |       |    86 |   148 |   280 |   307 |   809 ||  1630
